 Dungeon Crawl Stone Soup version 0.32-a0-908-g8e5f33bbaa (webtiles) character file.

Game seed: 6336673589091526416

1273 Nvm9 the Trooper (level 8, -20/64 HPs)
             Began as a Demonspawn Fighter on Apr 6, 2024.
             Demolished by an ogre
             ... wielding a +0 giant club
              (27 damage)
             ... on level 6 of the Dungeon.
             The game lasted 00:06:48 (4320 turns).

Nvm9 the Trooper (Demonspawn Fighter)               Turns: 4320, Time: 00:06:49

Health: -20/64     AC: 13    Str: 14 (16) XL:     8   Next: 28%
Magic:  8/8        EV:  5    Int: 11 (12) God:
Gold:   344        SH:  6    Dex: 14 (16) Spells: 7/7 levels left

rFire   . . .        x - +3 war axe (heavy)
rCold   . . .        c - +1 buckler
rNeg    . . .        t - +0 chain mail
rPois   .            (helmet restricted)
rElec   .            (no cloak)
rCorr   .            (no gloves)
SInv    .            (no boots)
Will    .....        (no amulet) Stlth
                     (no ring)
HPRegen 0.30/turn    (no ring)
MPRegen 0.11/turn

%: no passive effects
@: no status effects
A: yellow scales 2, demonic guardian 1, weakness stinger 1, horns 1, agile 1,
clever 1, shaggy fur 1, evolution 1
a: no special abilities


You were on level 6 of the Dungeon.
You visited 1 branch of the dungeon, and saw 6 of its levels.

You collected 344 gold pieces.

Inventory:

Hand Weapons
 a - a +0 war axe
 n - a +1 trident of flaming
 x - a +3 heavy war axe (weapon)
Missiles
 f - 9 poisoned darts (quivered)
 l - 4 curare-tipped darts
 o - 7 boomerangs
Armour
 b - a +0 scale mail
 c - a +1 buckler (worn)
 q - the +10 Black Knight's barding {ponderous, rPois rN+}
   (You found it on level 4 of the Dungeon)

   rPois:     It protects you from poison.
   rN+:       It protects you from negative energy.
 t - a +0 chain mail (worn)
Jewellery
 k - a ring of protection from fire
 u - a +6 ring of intelligence
Wands
 j - a wand of paralysis (9)
Scrolls
 g - a scroll of fear
 h - 9 scrolls of identify
 i - a scroll of teleportation
 p - a scroll of vulnerability
 r - a scroll of enchant armour
 v - a scroll of revelation
Potions
 d - a potion of might
 e - a potion of magic {unknown}
 m - 3 potions of curing
 s - a potion of resistance {unknown}


   Skills:
 * Level 5.6 Fighting
 - Level 0.8 Long Blades
 * Level 4.5 Axes
 + Level 2.4 Throwing
 * Level 5.0 Armour
 * Level 5.1 Shields


You had 7 spell levels left.
You didn't know any spells.
Your spell library contained the following spells:

 Spells                   Type           Power      Damage    Failure   Level
 Summon Small Mammal      Summ           0%         N/A       100%        1
 Mercury Vapours          Alch/Air       0%         N/A       100%        2
 Call Canine Familiar     Summ           0%         N/A       100%        3
 Mephitic Cloud           Conj/Alch/Air  0%         N/A       100%        3
 Sigil of Binding         Hex            0%         N/A       100%        3
 Summon Blazeheart Golem  Fire/Summ      0%         N/A       100%        4
 Freezing Cloud           Conj/Ice/Air   0%         6-21      100%        5
 Death Channel            Necr           0%         N/A       100%        6
 Sculpt Simulacrum        Ice/Alch       0%         N/A       100%        6


Dungeon Overview and Level Annotations

Branches:
Dungeon (6/15)
 Temple: D:4-7

Altars:
Nemelex Xobeh
Uskayaw
Yredelemnul

Shops:
D:1 :   D:4 (


Innate Abilities, Weirdness & Mutations

You are mostly covered in yellow scales. (AC +3)
A weak demonic guardian rushes to your aid.
You have a small tail.
You have a pair of small horns on your head.
You are agile. (Dex +4, Str/Int -1)
Your mind is acute. (Int +4, Str/Dex -1)
You are covered in fur. (AC +1)
You have hidden genetic potential.


Message History

You start resting.
HP restored.
s - a glowing cyan potion A hound comes into view.
The hound barks!
A hound is nearby!
You slice the hound!!
You kill the hound!
No target in view!
No target in view!
No target in view!
Found a robe.
h - 9 scrolls of identify (gained 1)
Found a stone staircase leading down.
Found a dagger.
v - a scroll of revelation
Found a leather armour.
You now have 344 gold pieces (gained 14).
An ogre comes into view. It is wielding a +0 giant club.
You see here a scroll of poison.
An ogre is nearby!
An ogre is nearby!
Found a stone.
The ogre hits you with a +0 giant club!
You barely miss the ogre.
The ogre hits you with a +0 giant club!!
You are too injured to fight recklessly!
You are too injured to fight recklessly!
You are too injured to fight recklessly!
You are too injured to fight recklessly!
You are too injured to fight recklessly!
You barely miss the ogre. The ogre hits you with a +0 giant club!
* * * LOW HITPOINT WARNING * * *
You slice the ogre!! You headbutt the ogre. You tail-slap the ogre.
The ogre is almost dead.
The ogre hits you with a +0 giant club!
* * * LOW HITPOINT WARNING * * *
A demonic guardian appears!
The ogre hits you with a +0 giant club!!
You die...

....#...... ..
.#####...##.... ...#
...###...##...# .(.
...>##........## ..#
...............###..##
#........#.....#.....##.
#......>.....#.[........
.................O......
#...##†.........@......#
.......................#
.(##..........5.........
..............?.........
.......................[
.##...#.##..............
.....#..#..........?...
....?........##>.....##
.......###...#....)....


You could see an ogre (ally target) and a friendly shadow imp (summoned).

Vanquished Creatures
  Grinder (D:4)
  A sky beast (D:6)
  An ice beast (D:6)
  A black bear (D:5)
  A centaur (D:5)
  A phantom (D:4)
  A bullfrog (D:5)
  A scorpion (D:5)
  2 bombardier beetles (D:5)
  3 hounds
  2 jellies (D:5)
  An orc priest (D:5)
  Jessica (D:2)
  An iguana (D:5)
  An orc wizard (D:5)
  A sleepcap (D:5)
  5 adders
  A white imp (D:5)
  3 ribbon worms
  7 dart slugs
  12 orcs
  2 bats
  7 endoplasms
  3 giant cockroaches
  5 goblins
  7 hobgoblins
  9 jackals
  2 quokkas (D:1)
  6 ball pythons
  4 frilled lizards
  12 kobolds
  A rat (D:3)
106 creatures vanquished.

Notes
Turn   | Place    | Note
-------+----------+-------------------------------------------
     0 | D:1      | Nvm9 the Demonspawn Fighter began the quest for the Orb.
     0 | D:1      | Reached XP level 1. HP: 18/18 MP: 1/1
    65 | D:1      | Found Vuejill's Book Shop.
   201 | D:1      | Gained mutation: You have a small tail. [demonic ancestry]
   201 | D:1      | Reached XP level 2. HP: 21/24 MP: 2/2
   232 | D:1      | Found a faded altar of an unknown god.
   621 | D:1      | Reached XP level 3. HP: 27/29 MP: 3/3
  1060 | D:2      | Noticed Jessica
  1073 | D:2      | Killed Jessica
  1074 | D:2      | Gained mutation: You are partially covered in yellow
                  | scales. (AC +2) [demonic ancestry]
  1074 | D:2      | Reached XP level 4. HP: 6/37 MP: 4/4
  1247 | D:2      | You fall into a shaft and drop 2 floors!
  1465 | D:4      | Found the +10 Black Knight's barding {ponderous, rPois rN+}
  1709 | D:3      | Found a sparkling altar of Nemelex Xobeh.
  2307 | D:2      | Gained mutation: A weak demonic guardian rushes to your
                  | aid. [demonic ancestry]
  2307 | D:2      | Reached XP level 5. HP: 42/42 MP: 5/5
  2684 | D:2      | Gained mutation: You are covered in fur. (AC +1) [potion of
                  | mutation]
  2684 | D:2      | Gained mutation: You have hidden genetic potential. [potion
                  | of mutation]
  2684 | D:2      | Gained mutation: You have great hidden genetic potential.
                  | [potion of mutation]
  2810 | D:4      | Found Xaocraux's Weapon Shop.
  2815 | D:4      | Noticed Grinder
  2821 | D:4      | Paralysed by Grinder for 4 turns
  2832 | D:4      | Killed Grinder
  2833 | D:4      | Reached skill level 1 in Throwing
  2833 | D:4      | Reached XP level 6. HP: 19/49 MP: 6/6
  2842 | D:4      | Gained mutation: You are agile. (Dex +4, Str/Int -1)
                  | [hidden potential]
  2978 | D:4      | Found a hide-covered altar of Uskayaw.
  2978 | D:4      | Found a basalt altar of Yredelemnul.
  3323 | D:5      | Entered Level 5 of the Dungeon
  3379 | D:5      | Reached XP level 7. HP: 49/55 MP: 7/7
  3609 | D:5      | Gained mutation: Your mind is acute. (Int +4, Str/Dex -1)
                  | [hidden potential]
  3609 | D:5      | Lost mutation: You have great hidden genetic potential.
                  | [hidden potential expressed]
  3645 | D:5      | Reached skill level 5 in Fighting
  3933 | D:5      | Gained mutation: You are mostly covered in yellow scales.
                  | (AC +3) [demonic ancestry]
  3933 | D:5      | Reached XP level 8. HP: 58/62 MP: 8/8
  4194 | D:6      | Reached skill level 5 in Shields
  4205 | D:6      | Gained mutation: You have a pair of small horns on your
                  | head. [hidden potential]
  4229 | D:6      | Reached skill level 5 in Armour
  4320 | D:6      | Demolished by an ogre

Illustrated notes

Levels and vault maps discovered:
D:1:      minmay_arrival_four_loops, layout_loops_ring, serial_shops, shop,
          shapermc_ecumenical_altar_mp_urbaneastern, st_stairs_13,
          minmay_small_reverse_x
D:2:      layout_basic, minmay_tree_intersection, uniq_jessica
D:3:      layout_loops_ring, mainiacjoe_overflow_concentric_impassable,
          hangedman_decor_points
D:4:      layout_cave_pools, mainiacjoe_overflow_large_starburst, serial_shops,
          nicolae_shop_bloodbath_and_beyond, nrook_mini_backslash, uniq_grinder
D:5:      layout_basic, kennysheep_generic_room_14
D:6:      layout_cave_pools, minmay_misc_feat_iff

Skill      XL: |  1  2  3  4  5  6  7  8 |
---------------+-------------------------+-----
Axes           | 2 3 4 |  4.5
Shields        | 3 4 5 |  5.1
Armour         | 3 4 5 |  5.0
Fighting       | 4 5 |  5.6
Throwing       | 1 2 |  2.4
Long Blades    | |  0.8

Action                     |  1- 3 |  4- 6 |  7- 9 || total
---------------------------+-------+-------+-------++-------
  Melee: War axe           |   112 |   107 |    73 ||   292
         Tailslap          |    10 |    12 |     9 ||    31
         Headbutt          |       |       |     3 ||     3
    Use: Potion            |       |     3 |     1 ||     4
         Scroll            |       |     9 |     1 ||    10
 Armour: Scale mail        |   109 |    28 |       ||   137
         Chain mail        |       |    61 |   125 ||   186
  Dodge: Dodged            |    50 |    28 |    30 ||   108
  Block: Buckler           |    18 |    40 |    29 ||    87

Table legend: (Time is in decaauts)
 A = Elapsed time spent in this place.
 B = Non-inter-level travel time spent in this place.
 C = Inter-level travel time spent in this place.
 D = Time resting spent in this place.
 E = Time spent auto-exploring this place.
 F = Levels seen in this place.
 G = Mean time per level.
                   A        B        C        D        E       F      G
               +--------+--------+--------+--------+--------+-----+--------+
         Total |   4532 |   4329 |    203 |    562 |   2813 |   6 |  755.3 |
       Dungeon |   4532 |   4329 |    203 |    562 |   2813 |   6 |  755.3 |
               +--------+--------+--------+--------+--------+-----+--------+

Top non-repeatable levels by time:
     D:2: 992 daAuts
     D:1: 901 daAuts
     D:5: 886 daAuts
     D:4: 835 daAuts
     D:3: 727 daAuts
     D:6: 189 daAuts
